Map: 2000 Atmospheres LE

Players

MaxPax

  • Race: Protoss Protoss

LiquidClem (Clem) - Winner!

  • Race: Terran Terran
  • League: Master

Event: DreamHack SC2 Masters 2021 Fall

VOD

Have the link to the VOD?

Description

Time

  • Played on: Sept. 8, 2021, 1:18 p.m.
  • Length: 17:39

All games in this series

Show
View Real Time Build Order
Export as new Build Order

MaxPax Protoss 

Build Orders: 1 Gate Expand, Blink Stalkers 

Get SALT Encoding   

  12  0:00  Probe  
  13  0:13  Probe  
  14  0:17  Pylon  
  14  0:25  Probe (Chrono Boost)  
  15  0:37  Probe (Chrono Boost)  
  15  0:38  Gateway  
  16  0:43  Probe (Chrono Boost)  
  16  0:48  Assimilator  
  18  0:57  Probe  
  18  1:09  Probe  
  19  1:21  Probe  
  20  1:26  Cybernetics Core  
  20  1:34  Nexus  
  20  1:39  Probe  
  21  1:46  Pylon  
  21  1:51  Probe  
  21  1:53  Assimilator  
  22  2:01  Adept (Chrono Boost)  
  22  2:03  Probe  
  22  2:05  Warp Gate  
  25  2:15  Probe  
  26  2:22  Adept (Chrono Boost)  
  26  2:27  Probe  
  29  2:33  Twilight Council  
  29  2:39  Probe  
  30  2:45  Probe  
  30  2:49  Gateway  
  31  2:53  Stalker, Probe (Chrono Boost)  
  34  2:58  Probe (Chrono Boost)  
  36  3:06  Blink (Chrono Boost)  
  36  3:09  Probe x2 (Chrono Boost)  
  37  3:14  Probe (Chrono Boost)  
  37  3:15  Probe  
  39  3:25  Probe  
  40  3:29  Probe  
  40  3:31  Robotics Facility  
  41  3:37  Probe  
  42  3:42  Probe  
  42  3:43  Gateway  
  42  3:44  Gateway  
  40  3:57  Pylon, Stalker  
  40  3:58  Stalker  
  40  3:59  Assimilator  
  40  4:00  Probe  
  40  4:01  Probe  
  45  4:05  Shield Battery  
  45  4:12  Probe  
  45  4:14  Warp Prism (Chrono Boost)  
  45  4:16  Probe  
  49  4:24  Stalker  
  49  4:25  Stalker  
  49  4:30  Pylon  
  53  4:36  Probe  
  54  4:41  Pylon  
  54  4:43  Assimilator  
  53  4:49  Observer  
  53  4:50  Stalker x2  
  53  4:51  Stalker  
  60  4:54  Stalker  
  60  4:59  Probe x2  
  64  5:04  Pylon  
  64  5:13  Stalker x2  
  70  5:15  Stalker  
  70  5:22  Probe x2  
  70  5:34  Probe  
  71  5:44  Probe  
  71  5:46  Probe  
  71  5:47  Nexus, Observer  
  71  5:49  Pylon  
  73  5:56  Probe  
  74  5:58  Probe, Robotics Bay  
  74  6:00  Forge  
  74  6:02  Charge  
  75  6:04  Pylon  
  75  6:08  Probe  
  75  6:10  Pylon, Probe  
  77  6:16  Immortal (Chrono Boost)  
  76  6:20  Probe  
  76  6:23  Probe  
  76  6:24  Zealot  
  80  6:25  Sentry  
  80  6:26  Sentry  
  80  6:32  Probe  
  85  6:37  Probe  
  86  6:40  Protoss Ground Weapons Level 1  
  86  6:44  Colossus (Chrono Boost)  
  86  6:52  Zealot x2  
  97  6:54  Shield Battery, Probe  
  97  7:01  Probe  
  97  7:02  Probe  
  97  7:03  Gateway, Zealot  
  97  7:06  Extended Thermal Lance (Chrono Boost)  
  101  7:10  Probe  
  101  7:13  Probe  
  104  7:22  Zealot x2, Probe  
  107  7:26  Probe  
  107  7:28  Gateway  
  107  7:29  Gateway  
  109  7:32  Colossus (Chrono Boost)  
  113  7:42  Zealot x2  
  116  8:00  Pylon  
  116  8:02  Photon Cannon  
  116  8:03  Gateway  
  116  8:13  Zealot  
  116  8:18  Pylon  
  116  8:19  Zealot x3  
  122  8:20  Zealot  
  122  8:23  Colossus (Chrono Boost)  
  119  8:28  Probe x2  
  121  8:35  Probe  
  121  8:39  Stalker  
  114  8:43  Zealot x4  
  114  8:44  Zealot x2  
  114  8:48  Probe  
  125  8:51  Probe  
  125  8:55  Probe  
  109  9:06  Zealot x3  
  109  9:07  Zealot x5  
  125  9:10  Disruptor (Chrono Boost)  
  125  9:11  Pylon  
  128  9:22  Probe x2  
  122  9:29  Zealot x2  
  122  9:30  Zealot x3  
  130  9:34  Zealot  
  132  9:39  Zealot x2  
  124  9:48  Probe  
  125  9:53  Disruptor (Chrono Boost)  
  125  9:55  Stalker x3  
  134  10:05  Dark Shrine  
  132  10:15  Stalker x4  
  132  10:20  Photon Cannon  
  140  10:23  Pylon  
  138  10:34  Nexus  
  138  10:42  Protoss Ground Weapons Level 2 (Chrono Boost)  
  138  10:43  Disruptor  
  138  10:47  Photon Cannon  
  141  10:55  Zealot x3  
  143  11:13  Zealot x3  
  143  11:14  Shadow Stride (Chrono Boost)  
  143  11:16  Pylon  
  143  11:17  Pylon  
  147  11:27  Disruptor  
  142  11:37  Zealot x4  
  142  11:38  Zealot x4  
  154  11:49  Pylon  
  154  11:50  Probe x2  
  151  12:08  Disruptor (Chrono Boost)  
  143  12:12  Dark Templar x6  
  143  12:13  Zealot  
  150  12:27  Dark Templar  
  152  12:36  Zealot  
  154  12:39  Gateway  
  154  12:40  Gateway  
  154  12:42  Pylon  
  152  12:45  Observer  
  152  12:47  Zealot x4  
  149  13:13  Stalker x7  
  130  13:42  Zealot x10  
  122  14:06  Stalker x5  
  127  14:25  Dark Templar x4  
  127  14:29  Zealot x3  
  134  14:43  Zealot x3  
  139  14:54  Observer  
  123  15:17  Stalker x7  
  123  15:18  Stalker x2  
  139  15:34  Dark Templar  
  137  15:55  Nexus  
  137  15:56  Pylon  
  137  16:01  Dark Templar x2  
  113  16:28  Disruptor (Chrono Boost)  
  113  16:30  Zealot x8  
  103  16:59  Zealot  
  103  17:00  Zealot x9  
  123  17:04  Observer (Chrono Boost)  
  111  17:23  Dark Templar x4  
Show
View Real Time Build Order
Export as new Build Order

LiquidClem Terran - Winner!

Build Orders: Liberator Opening 

Get SALT Encoding   

  12  0:00  SCV  
  13  0:12  SCV  
  14  0:16  Supply Depot  
  14  0:24  SCV  
  15  0:38  SCV  
  15  0:39  Barracks  
  16  0:42  Refinery  
  16  0:50  SCV  
  17  1:02  SCV  
  18  1:14  SCV  
  19  1:28  Marine, Orbital Command  
  20  1:43  Command Center  
  20  1:54  Factory  
  20  1:58  SCV  
  21  2:05  Barracks Reactor  
  21  2:10  SCV  
  21  2:13  Bunker  
  22  2:17  Supply Depot  
  22  2:23  SCV  
  22  2:29  Refinery  
  23  2:39  SCV  
  23  2:43  Starport  
  24  2:45  Hellion  
  24  2:48  Hellion  
  29  2:51  SCV  
  29  2:58  Orbital Command  
  29  3:03  SCV  
  30  3:14  Marine x2  
  30  3:15  SCV  
  30  3:16  Factory Tech Lab  
  33  3:20  Viking  
  33  3:24  SCV  
  36  3:27  SCV  
  36  3:31  Supply Depot  
  37  3:34  Marine x2  
  37  3:40  SCV, Cyclone  
  43  3:42  SCV  
  43  3:53  SCV  
  43  3:54  SCV  
  43  3:55  Liberator  
  46  3:56  Marine  
  46  3:58  Marine  
  48  4:04  Supply Depot  
  48  4:05  SCV  
  48  4:06  SCV  
  50  4:17  SCV  
  50  4:19  Marine x2  
  50  4:22  SCV  
  54  4:26  Siege Tank  
  54  4:27  Supply Depot  
  54  4:30  SCV  
  54  4:31  Barracks  
  58  4:38  Marine x2  
  60  4:41  SCV  
  60  4:42  SCV, Supply Depot  
  62  4:49  Barracks  
  62  4:50  Engineering Bay  
  62  4:54  SCV x2  
  62  4:56  Marine x2  
  62  4:59  Siege Tank  
  69  5:06  SCV  
  70  5:07  SCV  
  71  5:14  Marine x2  
  71  5:16  Refinery  
  71  5:18  SCV  
  71  5:20  Barracks Tech Lab  
  71  5:21  SCV  
  73  5:22  Supply Depot  
  70  5:29  Terran Infantry Weapons Level 1, Missile Turret  
  70  5:31  SCV  
  70  5:32  Marine x2  
  70  5:34  Starport Reactor  
  73  5:36  Supply Depot  
  73  5:40  SCV  
  69  5:43  SCV, Factory Reactor  
  69  5:45  Marine  
  70  5:50  Marine  
  70  5:51  Stimpack  
  70  5:52  SCV  
  70  5:53  Supply Depot  
  70  5:55  Marine  
  70  5:56  Marauder  
  75  5:57  SCV  
  75  6:02  Refinery  
  76  6:05  Combat Shield  
  76  6:07  SCV  
  76  6:08  Marine  
  76  6:09  SCV  
  76  6:10  Supply Depot  
  76  6:11  Marauder  
  81  6:13  Marine  
  81  6:18  Marauder  
  81  6:25  Marine, Command Center  
  81  6:28  SCV x2  
  81  6:31  Medivac  
  83  6:34  Marine  
  83  6:35  Medivac  
  83  6:38  Widow Mine  
  88  6:40  Widow Mine  
  88  6:42  Marauder  
  88  6:44  Marauder  
  88  6:45  SCV  
  88  6:46  SCV  
  96  6:50  Marine, Supply Depot  
  96  6:52  Marine  
  98  6:57  SCV  
  98  6:58  Supply Depot  
  98  7:00  Widow Mine  
  101  7:02  Widow Mine  
  101  7:03  Marauder  
  101  7:05  Medivac  
  107  7:10  Marauder  
  107  7:14  Medivac  
  107  7:15  Marine x2  
  109  7:17  Supply Depot  
  109  7:21  SCV x2  
  110  7:23  Widow Mine x2  
  110  7:25  Marauder  
  110  7:28  Terran Infantry Armor Level 1  
  116  7:33  SCV, Barracks  
  116  7:36  Marine x2, Barracks  
  118  7:40  Concussive Shells  
  118  7:42  Marauder  
  118  7:43  SCV  
  118  7:50  Widow Mine x2  
  122  7:55  Marauder  
  122  7:56  SCV  
  122  7:57  SCV  
  126  7:59  Marine x2  
  126  8:04  Marauder  
  126  8:05  Orbital Command  
  130  8:09  SCV  
  130  8:11  Medivac x2  
  135  8:16  Marauder  
  135  8:17  Supply Depot  
  135  8:20  SCV  
  135  8:22  Marine x2  
  135  8:23  SCV  
  135  8:26  Barracks Reactor, Barracks Tech Lab  
  139  8:27  Widow Mine  
  139  8:28  Widow Mine  
  138  8:35  SCV x2  
  138  8:40  Marauder x2  
  144  8:45  SCV  
  144  8:46  Marine x2  
  144  8:47  SCV  
  143  8:52  SCV, Marauder  
  142  9:00  Medivac x2  
  142  9:01  Marine  
  142  9:02  Marauder  
  140  9:03  Marine x2  
  140  9:04  Marine, SCV  
  140  9:06  Marine  
  140  9:08  SCV  
  146  9:11  SCV, Widow Mine x2  
  146  9:13  Marauder  
  153  9:17  Supply Depot  
  153  9:20  SCV x2, Marauder  
  153  9:21  Marine x2  
  153  9:22  Marine  
  156  9:24  Marine  
  156  9:27  Supply Depot  
  156  9:29  SCV  
  155  9:31  Marauder  
  155  9:34  Marine  
  155  9:36  Widow Mine  
  156  9:39  SCV  
  156  9:41  Widow Mine, Marauder  
  156  9:42  Medivac  
  154  9:47  Marine x2  
  154  9:49  Viking  
  154  9:51  Refinery  
  154  9:52  Marauder  
  155  9:53  Marauder  
  155  9:54  Armory  
  155  9:55  Engineering Bay  
  155  9:58  Marine x2  
  153  10:01  Widow Mine  
  153  10:02  Marauder  
  153  10:04  Supply Depot  
  153  10:05  Widow Mine  
  153  10:06  Marine x2  
  161  10:13  Command Center  
  161  10:14  Marauder  
  163  10:17  Marine  
  164  10:21  Viking  
  164  10:22  Supply Depot  
  164  10:23  Ghost Academy  
  164  10:24  Viking  
  164  10:27  Marine x3  
  170  10:32  Marauder  
  171  10:36  Supply Depot  
  171  10:37  Refinery  
  171  10:38  Widow Mine x2  
  171  10:39  Marauder  
  171  10:42  Marine x2  
  178  10:46  Marine x2, Supply Depot  
  178  10:48  Terran Infantry Weapons Level 2  
  181  10:51  Terran Infantry Armor Level 2  
  181  10:53  Marauder  
  182  10:57  Marine  
  182  11:00  Supply Depot, Missile Turret  
  182  11:01  SCV x2  
  182  11:03  Bunker  
  185  11:04  Viking  
  185  11:08  Viking  
  185  11:11  Widow Mine x2  
  178  11:12  Marine  
  178  11:14  Marine x2  
  178  11:17  Ghost  
  183  11:21  Ghost  
  183  11:28  Ghost  
  183  11:29  Missile Turret  
  177  11:33  Marine x4  
  181  11:42  Widow Mine x2  
  181  11:43  Viking  
  181  11:45  Viking  
  189  11:50  Planetary Fortress  
  189  11:57  Missile Turret  
  189  11:58  Ghost  
  189  12:02  Ghost  
  189  12:03  Widow Mine  
  189  12:04  Widow Mine  
  189  12:05  Marine x2  
  190  12:08  Marine  
  190  12:09  Marine, SCV  
  193  12:15  Viking  
  193  12:16  Viking  
  193  12:17  Terran Ship Weapons Level 1  
  196  12:22  SCV  
  196  12:23  Marine  
  196  12:24  Marauder  
  196  12:27  SCV  
  200  12:35  Sensor Tower  
  200  12:40  Barracks x2  
  200  12:42  Barracks  
  198  12:51  Viking  
  198  12:57  Enhanced Shockwaves  
  200  13:02  Marauder  
  200  13:08  Ghost  
  200  13:12  Liberator  
  194  13:14  Marauder  
  194  13:18  Marine x2  
  198  13:20  Terran Infantry Weapons Level 3  
  198  13:22  Refinery, SCV  
  198  13:23  Refinery  
  198  13:24  Marine x2  
  198  13:25  Missile Turret  
  191  13:28  SCV  
  191  13:29  Barracks Tech Lab x2  
  191  13:31  Terran Infantry Armor Level 3  
  191  13:33  Barracks Reactor  
  191  13:34  SCV  
  191  13:36  Marine  
  191  13:37  Marine  
  191  13:39  Marine  
  186  13:46  Command Center  
  186  13:48  Marine  
  187  13:52  Marine x2  
  174  13:55  Marauder  
  174  13:59  Medivac x2  
  174  14:00  Widow Mine  
  174  14:01  Marine  
  175  14:03  Marine  
  175  14:06  Marauder  
  171  14:10  Marine x2  
  171  14:11  Marine x2, Widow Mine  
  171  14:12  Marauder x2  
  171  14:13  Marauder  
  183  14:21  Terran Ship Weapons Level 2  
  183  14:22  Marine  
  184  14:26  Marauder  
  184  14:29  Medivac x2  
  184  14:30  Personal Cloaking  
  184  14:31  Ghost  
  189  14:33  Ghost  
  189  14:34  Marine x2  
  189  14:36  Marine  
  196  14:43  Marauder  
  195  14:48  Marine, Widow Mine  
  195  14:51  Marauder  
  191  14:54  Marauder  
  191  14:58  Widow Mine  
  191  14:59  Medivac x2  
  199  15:07  Marauder  
  199  15:08  Marine  
  199  15:09  Widow Mine  
  199  15:13  Ghost  
  184  15:14  Marine x2  
  184  15:19  Widow Mine  
  181  15:22  Marine x2  
  181  15:23  Marine  
  184  15:29  Marine x2, Medivac x2  
  184  15:30  Marauder x2  
  184  15:31  Widow Mine  
  196  15:37  Marauder  
  196  15:42  Marine x2  
  200  15:46  Ghost  
  198  15:54  Planetary Fortress  
  196  15:58  Marauder  
  196  15:59  Medivac  
  196  16:00  Command Center  
  200  16:14  Widow Mine  
  200  16:17  Ghost  
  185  16:19  Missile Turret  
  185  16:20  Widow Mine  
  185  16:21  Liberator  
  185  16:23  Ghost  
  185  16:24  Marine  
  190  16:28  Marine x2, Liberator  
  190  16:31  Marine x2  
  197  16:37  Marine x2  
  197  16:47  Marauder  
  197  16:49  Marine x2  
  197  16:51  Marine  
  197  16:52  Marine  
  200  17:14  Marauder  
  200  17:15  Missile Turret  

Tags
 
Add a new tag
Caveats
  • Supply blocks, unpowered buildings, or Contaminate may cause inaccurate times.
  • Supply counts are checked every 10 seconds.